 Dungeon Crawl Stone Soup version 0.24-a0-498-ge00f04a389 (webtiles) character file.

Game seed: 9551633891944198925

5462 Gargoyl the Fighter (level 10, 0/90 HPs)
             Began as a Centaur Abyssal Knight on July 14, 2019.
             Was a Priest of Lugonu.
             Succumbed to a spiny frog's poison
             ... on level 1 of the Lair of Beasts.
             The game lasted 00:14:15 (11209 turns).

Gargoyl the Fighter (Centaur Abyssal Knight)       Turns: 11209, Time: 00:14:16

Health: 0/90       AC: 10    Str: 18    XL:     10   Next: 41%
Magic:  15/15      EV: 10    Int: 11    God:    Lugonu [***...]
Gold:   163        SH:  0    Dex: 13    Spells: 9/9 levels left

rFire    . . .     SeeInvis .   m - +7 mace of Variability {chain chaos}
rCold    . . .     Gourm    .   (shield currently unavailable)
rNeg     . . .     Faith    .   d - +2 ring mail
rPois    .         Spirit   .   y - +0 helmet (curse)
rElec    .         Reflect  .   (no cloak)
rCorr    .         Harm     .   (no gloves)
MR       .....                  (no barding)
Stlth    ..........             (no amulet)
HPRegen  0.25/turn              t - +2 ring of dexterity
MPRegen  0.14/turn              u - +2 ring of strength

@: lethally poisoned (0 -> -25), very quick
A: large, hooves 3, deformed body, speed 2, tough skin 3
a: Depart the Abyss, Bend Space, Banish, Renounce Religion


You were on level 1 of the Lair of Beasts.
You worshipped Lugonu.
Lugonu was most pleased with you.
You were not hungry.

You visited 2 branches of the dungeon, and saw 10 of its levels.
You visited the Abyss 1 time.

You collected 461 gold pieces.
You spent 298 gold pieces at shops.

Inventory:

Hand Weapons
 i - a +1 war axe
 m - the +7 mace of Variability (weapon) {chain chaos}
   (You found it on level 8 of the Dungeon)

   Each time it hits an enemy it has a different, random effect.
 z - a +2 hand axe of chopping
Missiles
 k - 4 boomerangs (quivered)
Armour
 d - a +2 ring mail (worn)
 y - a cursed +0 helmet (worn)
Jewellery
 s - an uncursed ring of resist corrosion
 t - a +2 ring of dexterity (left hand)
 u - a +2 ring of strength (right hand)
Wands
 a - a wand of iceblast (5)
 e - a wand of clouds (5)
 o - a wand of enslavement (9)
 r - a wand of acid (6)
 v - a wand of polymorph (10)
 w - a wand of random effects (9)
Scrolls
 g - a scroll of fear
 h - 3 scrolls of identify
 l - 2 scrolls of blinking
 n - 4 scrolls of remove curse
Potions
 b - a potion of curing
 f - a potion of flight
 p - a potion of magic
 q - a potion of haste {unknown}
Comestibles
 c - 18 rations


   Skills:
 + Level 8.4 Fighting
 + Level 5.8(6.3) Axes
 + Level 3.6(5.2) Maces & Flails
 + Level 0.4 Throwing
 * Level 6.0 Armour
 * Level 4.0 Dodging
 * Level 7.0 Invocations
 + Level 0.3 Evocations


You had 9 spell levels left.
You didn't know any spells.
Your spell library was empty.

Dungeon Overview and Level Annotations

Branches:
Dungeon (9/15)             Temple (0/1) D:5            Lair (1/6) D:9
    Orc: D:9-12

Altars:
Dithmenos
Hepliaklqana
Okawaru
Ru
Sif Muna
Wu Jian
Xom
Yredelemnul

Shops:
D:6 =   D:9 (

Annotations:
D:4 1 runed translucent door, Essalna's ghost, amateur GrFE


Innate Abilities, Weirdness & Mutations

You have hooves in place of feet.
Armour fits poorly on your strangely shaped body.
You cover ground very quickly.
You have extremely tough skin. (AC +3)


Message History

Your kick misses something. Something stings you.
You are poisoned.
Something poisons you! Something stings you!
You closely miss something. Your kick misses something.
You feel sick. Something stings you!
Something stings you but does no damage.
You completely miss something.
You feel sick.
Something stings you but does no damage.
You miss something.
You feel sick. Something stings you!! x2
* * * LOW HITPOINT WARNING * * *
You are lethally poisoned!
Something poisons you!
You closely miss something. You kick something.
* * * LOW HITPOINT WARNING * * *
You feel very sick.
Something stings you but does no damage.
Something stings you.
* * * LOW HITPOINT WARNING * * *
You sock something! Your kick misses something.
You die...

####.....#........# ...#
###......#........#
.###..............#. #
.P.#................ .#
.........#......... ...
####.....#........ ...#
# #.....#P..#.####....#
####....................
................@{......
##.P#######.#####..#####
#### ### ###


There were no monsters in sight!

Vanquished Creatures
  3 yaks (D:9)
  A basilisk (Lair:1)
  A steam dragon (D:8)
  A hungry ghost (D:8)
  2 chaos spawn (D:8)
  A water moccasin (Lair:1)
  2 wargs (D:8)
  3 orc warriors (D:8)
  A black bear (D:7)
  5 centaurs
  3 ogres
  2 crocodiles
  3 bullfrogs
  4 scorpions
  5 killer bees
  2 howler monkeys
  A crimson imp (D:6)
  A centaur skeleton (D:6)
  A hound (D:8)
  6 orc priests
  A bullfrog skeleton (D:6)
  6 orc wizards
  6 worker ants
  A hound skeleton (D:4)
  A worker ant zombie (D:5)
  7 gnolls
  10 adders
  An adder skeleton (D:8)
  An adder zombie (D:6)
  4 worms (D:2)
  3 dart slugs (D:2)
  2 leopard geckos
  33 orcs
  8 bats
  7 giant cockroaches
  9 goblins
  6 hobgoblins
  A quokka (D:8)
  2 ball pythons
  4 frilled lizards
  A jackal skeleton (D:5)
  12 kobolds
  A quokka zombie (D:5)
  9 rats
184 creatures vanquished.

Vanquished Creatures (collateral kills)
  A tentacled starspawn (Abyss:3)
1 creature vanquished.

Vanquished Creatures (others)
  A hydra (Lair:1)
  A bullfrog (D:7)
  A killer bee (D:7)
  4 starspawn tentacles (Abyss:3)
7 creatures vanquished.

Grand Total: 192 creatures vanquished

Notes
Turn   | Place    | Note
-------+----------+-------------------------------------------
     0 | Abyss:1  | Gargoyl the Centaur Abyssal Knight began the quest for the
                  | Orb.
     0 | Abyss:1  | Reached XP level 1. HP: 19/19 MP: 2/2
    58 | Abyss:1  | Noticed a small abomination
    58 | Abyss:1  | Noticed a small abomination
   128 | Abyss:3  | Noticed a tentacled starspawn
   155 | Abyss:3  | Killed a tentacled starspawn
   155 | Abyss:3  | Reached skill level 7 in Fighting
   155 | Abyss:3  | Reached skill level 1 in Dodging
   155 | Abyss:3  | Reached XP level 2. HP: 31/34 MP: 2/4
   155 | Abyss:3  | Reached XP level 3. HP: 36/39 MP: 2/5
   155 | Abyss:3  | Reached XP level 4. HP: 43/47 MP: 2/6
   155 | Abyss:3  | Reached XP level 5. HP: 48/52 MP: 2/7
   155 | Abyss:3  | Reached XP level 6. HP: 55/60 MP: 2/8
   155 | Abyss:3  | Reached XP level 7. HP: 61/66 MP: 2/9
   168 | Abyss:3  | Noticed a starcursed mass
   185 | D:1      | Escaped the Abyss
   758 | D:1      | Reached * piety under Lugonu
  1131 | D:2      | Found a shadowy altar of Dithmenos.
  1131 | D:2      | Found an iron altar of Okawaru.
  1131 | D:2      | Found an ornate altar of the Wu Jian Council.
  1821 | D:2      | Found a sacrificial altar of Ru.
  1844 | D:2      | Found a deep blue altar of Sif Muna.
  2211 | D:3      | Reached ** piety under Lugonu
  2412 | D:3      | Found a basalt altar of Yredelemnul.
  2600 | D:3      | Reached XP level 8. HP: 73/73 MP: 10/10
  2748 | D:3      | You fall into a shaft and drop 3 floors!
  2990 | D:5      | Entered Level 5 of the Dungeon
  3502 | D:4      | Found a runed translucent door.
  3502 | D:4      | Noticed Essalna's ghost (amateur GrFE)
  4857 | D:5      | Found a staircase to the Ecumenical Temple.
  5331 | D:5      | Reached *** piety under Lugonu
  5916 | D:6      | Found a shimmering altar of Xom.
  5917 | D:6      | Found a hazy altar of Hepliaklqana.
  5918 | D:6      | Noticed a spectral ugly thing
  5962 | D:6      | Found Etehotz's Jewellery Shop.
  5965 | D:6      | Bought a +2 ring of dexterity for 112 gold pieces
  5998 | D:6      | Reached skill level 5 in Axes
  6126 | D:6      | Reached XP level 9. HP: 77/80 MP: 12/12
  7061 | D:8      | Reached skill level 5 in Invocations
  7160 | D:8      | Found a shimmering altar of Xom.
  7161 | D:8      | Found the +7 mace of Variability {chain chaos}
  7190 | D:8      | Reached skill level 5 in Armour
  7914 | D:7      | Reached skill level 1 in Maces & Flails
  8214 | D:8      | Reached skill level 8 in Fighting
  9161 | D:8      | Reached XP level 10. HP: 62/88 MP: 14/14
  9651 | D:9      | Found Ixaimuog's Antique Weapon Shoppe.
  9663 | D:9      | Bought a runed hand axe for 186 gold pieces
  9708 | D:9      | Found a staircase to the Lair.
  9728 | Lair:1   | Entered Level 1 of the Lair of Beasts
 10277 | Lair:1   | Noticed a five-headed hydra
 10289 | Lair:1   | Banished a five-headed hydra
 11200 | Lair:1   | Noticed a spiny frog
 11208 | Lair:1   | HP: 3/90 [something (4)]
 11209 | Lair:1   | Succumbed to a spiny frog's poison

Levels and vault maps discovered:
D:1:      matt_arrival_los_fun, layout_basic, hex_medium
D:2:      layout_loops_cross, lemuel_crystal_altar,
          nicolae_overflow_hidden_temple, grunt_temple_overflow_open,
          grunt_dithmenos_smoke
D:3:      layout_basic, lemuel_tele_altar
D:4:      layout_loops_ring, ebering_ghost_reflecting_pool
D:5:      layout_gridville, temple_statues, first_ration, gup_sewer_entry_glass
D:6:      layout_cave_pools, regret_index_temple_of_mockery, serial_shops,
          kennysheep_mini_moat, minmay_door_square
D:7:      layout_loops_ring
D:8:      layout_gridville, grunt_pizzeria, minmay_guarded_unrand_variability
D:9:      layout_layer_cave, minmay_overflow_temple_hex,
          erik_lair_orcish_takeover, david_orc_1_choice, serial_shops,
          nicolae_shop_overgrown_old_shop, basic_altar
Lair:1:   layout_regular_city, serial_bayou_shore_b

Skill      XL: |  1  2  3  4  5  6  7  8  9 10 |
---------------+-------------------------------+-----
Fighting       | 7 8 |  8.4
Axes           | 3 5 |  5.8
Armour         | 2 3 4 5 6 |  6.0
Dodging        | 1 2 3 4 |  4.0
Invocations    | 3 4 6 7 |  7.0
Maces & Flails | 2 3 |  3.6
Throwing       | |  0.4
Evocations     | |  0.3

Action                   |  1- 3 |  4- 6 |  7- 9 | 10-12 || total
-------------------------+-------+-------+-------+-------++-------
Melee: Hand axe          |       |       |   415 |       ||   415
       Kick              |       |       |   125 |    13 ||   138
       Great mace        |       |       |    63 |    62 ||   125
Throw: Boomerang         |       |       |     7 |       ||     7
Invok: Depart the Abyss  |       |       |     1 |       ||     1
       Banish            |       |       |     5 |     1 ||     6
Evoke: Wand              |     1 |       |       |       ||     1
  Use: Scroll            |     2 |       |    14 |     4 ||    20
       Potion            |     1 |       |     5 |       ||     6
 Stab: Confused          |       |       |     1 |       ||     1
  Eat: Chunk             |       |       |    17 |       ||    17
       Ration            |       |       |     2 |     2 ||     4
Armor: Ring mail         |       |       |   292 |    48 ||   340
Dodge: Dodged            |       |       |   346 |    43 ||   389

Table legend:
 A = Non-vault XP
 B = Vault XP
 C = Vault XP percentage of total XP
 D = Non-vault monster count
 E = Vault monster count
 F = Vault count percentage of total count
                 A         B        C        D         E       F
            +---------+---------+-------+---------+---------+-------
      Total |    6730 |    1074 |  13.8 |     172 |      16 |   8.5
            +---------+---------+-------+---------+---------+-------
        D:1 |      58 |       0 |   0.0 |      29 |       0 |   0.0
        D:2 |     113 |       0 |   0.0 |      19 |       0 |   0.0
        D:3 |     182 |       0 |   0.0 |      36 |       0 |   0.0
        D:4 |     264 |       0 |   0.0 |       6 |       0 |   0.0
        D:5 |     247 |      43 |  14.8 |      19 |       4 |  17.4
        D:6 |     823 |       0 |   0.0 |      11 |       0 |   0.0
        D:7 |     601 |       0 |   0.0 |      13 |       0 |   0.0
        D:8 |    1510 |     865 |  36.4 |      28 |       7 |  20.0
        D:9 |     751 |     166 |  18.1 |       6 |       5 |  45.5
     Lair:1 |    1040 |       0 |   0.0 |       4 |       0 |   0.0
    Abyss:3 |    1141 |       0 |   0.0 |       1 |       0 |   0.0
            +---------+---------+-------+---------+---------+-------
